 Dungeon Crawl Stone Soup version 0.28.0-47-ge53b351184 (webtiles) character file.

Game seed: 13046223096166582394

25 Kangaroobicon the Vexing (level 3, 0/28 HPs)
             Began as a Gnoll Arcane Marksman on Apr 29, 2022.
             Succumbed to an adder's poison
             ... on level 2 of the Dungeon.
             The game lasted 00:10:19 (1119 turns).

Kangaroobicon the Vexing (Gnoll Arcane Marksman)    Turns: 1119, Time: 00:10:19

Health: 0/28       AC:  2    Str: 11    XL:     3   Next: 4%
Magic:  7/7        EV: 13    Int: 12    God:
Gold:   69         SH:  0    Dex: 12    Spells: 6/7 levels left

rFire   . . .      SeeInvis .   f - +0 hand axe
rCold   . . .      Faith    .   (no shield)
rNeg    . . .      Spirit   .   d - +0 robe
rPois   .          Reflect  .   (no helmet)
rElec   .          Harm     .   (no cloak)
rCorr   .          Rampage  .   (no gloves)
Will    .....                   (no boots)
Stlth   +.........              (no amulet)
HPRegen 0.09/turn               (no ring)
MPRegen 0.10/turn               (no ring)

@: lethally poisoned (0 -> -2)
A: fangs 1, strong nose, distributed training
a: no special abilities


You were on level 2 of the Dungeon.
You visited 1 branch of the dungeon, and saw 2 of its levels.

You collected 69 gold pieces.

Inventory:

Hand Weapons
 a - a +0 shortbow
 f - a +0 hand axe (weapon)
 j - a +0 short sword of draining
Missiles
 b - 91 stones (quivered)
 c - 14 arrows
Armour
 d - a +0 robe (worn)
 e - a +0 kite shield
Jewellery
 h - a ring of resist corrosion
Scrolls
 g - a scroll of blinking {unknown}
 l - a scroll of fog {unknown}
 m - a scroll of enchant weapon {unknown}
Potions
 i - a potion of berserk rage {unknown}
 k - a potion of attraction {unknown}


   Skills:
 + Level 2.5 Fighting
 + Level 0.5 Short Blades
 + Level 0.5 Long Blades
 + Level 0.5 Axes
 + Level 0.5 Maces & Flails
 + Level 0.5 Polearms
 + Level 0.5 Staves
 + Level 0.5 Slings
 + Level 4.5 Bows
 + Level 0.5 Crossbows
 + Level 0.5 Throwing
 + Level 0.5 Armour
 + Level 4.5 Dodging
 + Level 0.5 Stealth
 + Level 0.5 Shields
 + Level 0.5 Unarmed Combat
 + Level 2.7 Spellcasting
 + Level 0.4 Conjurations
 + Level 5.4 Hexes
 + Level 0.4 Summonings
 + Level 0.4 Necromancy
 + Level 0.4 Translocations
 + Level 0.4 Transmutations
 + Level 0.4 Fire Magic
 + Level 0.4 Ice Magic
 + Level 0.4 Air Magic
 + Level 0.4 Earth Magic
 + Level 0.4 Poison Magic
 + Level 0.7 Invocations
 + Level 0.5 Evocations


You had 6 spell levels left.
You knew the following spells:

 Your Spells              Type           Power      Damage    Failure   Level
a - Slow                  Hex            56%        N/A       2%          1

Your spell library contained the following spells:

 Spells                   Type           Power      Damage    Failure   Level
 Inner Flame              Hex/Fire       8%         N/A       22%         3
 Portal Projectile        Hex/Tloc       16%        N/A       22%         3
 Cause Fear               Hex            7%         N/A       26%         4


Dungeon Overview and Level Annotations

Branches:
Dungeon (2/15)

Altars:


Innate Abilities, Weirdness & Mutations

You have very sharp teeth.
Your uncanny sense of smell can sniff out nearby items.
Your experience applies equally to all skills.


Message History

You hit the endoplasm.
The endoplasm is severely wounded.
The endoplasm hits you but does no damage.
You hit the endoplasm.
You kill the endoplasm!
Your life force feels restored.
m - a scroll labelled PANNUSTIYPT An adder comes into view.
The adder hisses angrily.
You miss the adder. The adder barely misses you.
You hit the adder.
The adder is lightly wounded.
The adder barely misses you. The adder bites you.
You closely miss the adder.
The adder is lightly wounded.
The adder barely misses you. The adder misses you.
You closely miss the adder. Your bite misses the adder.
The adder is lightly wounded.
The adder bites you but does no damage. The adder barely misses you.
You barely miss the adder.
The adder is lightly wounded.
The adder bites you but does no damage.
You hit the adder but do no damage. Your bite misses the adder.
The adder is lightly wounded.
The adder bites you.
You are poisoned.
The adder poisons you! The adder bites you.
* * * LOW HITPOINT WARNING * * *
You closely miss the adder.
The adder is lightly wounded.
You feel sick. The adder bites you.
* * * LOW HITPOINT WARNING * * *
You hit the adder.
The adder is moderately wounded.
* * * LOW HITPOINT WARNING * * *
You feel sick. The adder bites you but does no damage.
The adder barely misses you.
You hit the adder.
The adder is severely wounded.
You die...

###### ###
############....<
....####................
#.......^....#####.####
#............#.# #
#..##.#.####.###.#.# #
#.....@#.........#.# #
#...#S#.####.##..#.# #
#...#...# #..#..#.####
#.. #..## #.#.........
.... #..# #..#..#.####
#.#. #..# .....#..#.####
.... ...# ###.##..#.....
.# #.##..###### #...


You could see an adder.

Vanquished Creatures
  A dart slug (D:1)
  A ball python (D:2)
  A bat (D:1)
  2 endoplasms
  2 giant cockroaches (D:1)
  A goblin (D:1)
  2 hobgoblins (D:1)
  2 quokkas
  2 frilled lizards (D:1)
  3 kobolds
  4 rats (D:1)
21 creatures vanquished.

Notes
Turn   | Place    | Note
-------+----------+-------------------------------------------
     0 | D:1      | Kangaroobicon the Gnoll Arcane Marksman began the quest for
                  | the Orb.
     0 | D:1      | Reached XP level 1. HP: 17/17 MP: 4/4
   125 | D:1      | Reached XP level 2. HP: 11/23 MP: 5/5
   566 | D:1      | Found a faded altar of an unknown god.
   580 | D:1      | HP: 1/21 [giant cockroach (1)]
  1093 | D:2      | Reached XP level 3. HP: 16/27 MP: 7/7
  1118 | D:2      | HP: 1/28 [poisoned by an adder]
  1119 | D:2      | Succumbed to an adder's poison

Illustrated notes

Levels and vault maps discovered:
D:1:      minmay_arrival_open_corners, layout_loops_cross,
          hellmonk_ecumenical_altar_pennies_from_heaven, minmay_hedge_maze
D:2:      cheibrodos_pilgrimage, layout_loops_ring, serial_shops,
          nicolae_shop_temple_entry_statues_fountains, basic_altar

Action                   || total
-------------------------++-------
Melee: Unarmed           ||    14
       Shortbow          ||     2
       Bite              ||     6
       Hand axe          ||    51
 Fire: Shortbow          ||    37
 Stab: Sleeping          ||     1
Armor: Robe              ||    14
Dodge: Dodged            ||    53
